 Dungeon Crawl Stone Soup version 0.22-a0-348-gd16d139 (webtiles) character file.

58 Goblin1989 the Ducker (level 3, -1/17 HPs)
             Began as a Felid Monk on Apr 9, 2018.
             Slain by an orc priest
             ... wielding a +0 falchion
              (7 damage)
             ... on level 3 of the Dungeon.
             The game lasted 00:06:39 (3007 turns).

Goblin1989 the Ducker (Felid Monk)                  Turns: 3007, Time: 00:06:40

Health: -1/17      AC:  1    Str:  7    XL:     3   Next: 75%
Magic:  4/4        EV: 21    Int: 11    God:
Gold:   167        SH:  0    Dex: 19    Spells: 2/2 levels left
                                        Lives:  0   Deaths: 1

rFire    . . .     SeeInvis +     - Unarmed
rCold    . . .     Gourm    .   (shield unavailable)
rNeg     . . .     Faith    .   (armour unavailable)
rPois    .         Spirit   .   (helmet unavailable)
rElec    .         Reflect  .   (cloak unavailable)
rCorr    .         Harm     .   (gloves unavailable)
MR       .....                  (boots unavailable)
Stlth    +++.......             (no amulet)
HPRegen  0.05/turn              (no ring)
MPRegen  0.09/turn              (no ring)

@: quick
A: very small, no armour, no weapons or thrown items, stealth, claws 1, fangs 3,
see invisible, carnivore, speed 1, shaggy fur 1, slow metabolism 1, sharp paws
a: no special abilities


You were on level 3 of the Dungeon.
You were not hungry.

You visited 1 branch of the dungeon, and saw 3 of its levels.

You collected 167 gold pieces.

Inventory:

Wands
 m - a wand of clouds (4)
 n - a wand of polymorph (4)
Scrolls
 f - 2 scrolls of noise {unknown}
 k - 2 scrolls of identify {unknown}
 p - a scroll of remove curse {unknown}
 u - a scroll of teleportation {unknown}
Potions
 g - a potion of curing {unknown}
 h - 2 potions of resistance {unknown}
 o - a potion of agility
 r - a potion of haste {unknown}
 s - a potion of might {unknown}
 v - a potion of flight {unknown}
 w - a potion of degeneration {unknown}
Comestibles
 e - 5 rations


   Skills:
 + Level 3.6 Fighting
 + Level 4.8 Dodging
 + Level 4.0 Stealth
 * Level 4.2 Unarmed Combat


You had 2 spell levels left.
You didn't know any spells.

Dungeon Overview and Level Annotations

Branches:
Dungeon (3/15)

Altars:
The Shining One


Innate Abilities, Weirdness & Mutations

You cannot wear armour.
You are incapable of wielding weapons or throwing items.
Your paws allow you to move quietly. (Stealth)
You have sharp claws.
You have razor-sharp teeth.
You have supernaturally acute eyesight. (SInv)
You are carnivorous and can eat meat at any time.
You cover ground quickly.
You are covered in fur. (AC +1)
You have a slow metabolism.
Your sharp claws are effective at attacking unaware monsters.


Message History

There is an open door here.
There is a stone staircase leading up here.
HP restored.
Health restored: 21 The orc shouts!
The orc hits you.
You take 1 damage, and have 20/21 hp.
You scratch the orc.
The orc is heavily wounded.
The orc hits you.
You take 3 damage, and have 17/21 hp.
You barely miss the orc.
The orc is heavily wounded.
The orc priest calls upon Beogh to heal the orc.
The orc's wounds heal themselves!
The orc barely misses you.
You scratch the orc. Your bite misses the orc.
The orc is almost dead.
You scratch the orc.
You kill the orc!
The orc hits you with a short sword!
You see here a ration.
You take 7 damage, and have 10/21 hp.
MASSIVE DAMAGE!!
You are too injured to fight recklessly!
You are too injured to fight recklessly!
You are too injured to fight recklessly!
You are too injured to fight recklessly!
You are too injured to fight recklessly!
You are too injured to fight recklessly!
You are too injured to fight recklessly!
You are too injured to fight recklessly!
You are too injured to fight recklessly!
You are too injured to fight recklessly!
You are too injured to fight recklessly!
You are too injured to fight recklessly!
You are too injured to fight recklessly!
You are too injured to fight recklessly!
You are too injured to fight recklessly!
You are too injured to fight recklessly!
You are too injured to fight recklessly!
You are too injured to fight recklessly!
You are too injured to fight recklessly!
You are too injured to fight recklessly!
You are too injured to fight recklessly!
You are too injured to fight recklessly!
You are too injured to fight recklessly!
You are too injured to fight recklessly!
You are too injured to fight recklessly!
You are too injured to fight recklessly!
You are too injured to fight recklessly!
You are too injured to fight recklessly!
You scratch the orc.
You kill the orc!
Your Stealth skill increases to level 4!
You claw the orc priest!
The orc priest is heavily wounded.
The orc priest closely misses you.
You scratch the orc priest.
The orc priest is heavily wounded.
The orc priest mumbles some strange prayers to Beogh against you.
Beogh smites you!
Ouch! That really hurt!
You die...
You are now level 3!
You rejoin the land of the living...
Health restored: 17 You now have 4/4 mp.
Unknown command.
There is an open door here.
There is an open door here.
Things that are here:
a short sword; 3 tomahawks
Things that are here:
a ration; the felid corpse of Goblin1989 An orc priest is nearby!
An orc priest is nearby!
Things that are here:
a short sword; 3 tomahawks What are your orders? t - Meow!
Orders for allies: a - Attack new target. r - Retreat! s - Stop attacking. g - Guard the area. f - Follow me.
Anything else - Cancel.
You meow for attention!
You hear a shout!
There is an open door here.
As you close the door, it creaks loudly!
You start waiting.
You open the door.
The orc priest invokes the aid of Beogh against you.
Pain shoots through your body!
Ouch! That really hurt!
* * * LOW HITPOINT WARNING * * *
There is an open door here.
You take 11 damage, and have 6/17 hp.
MASSIVE DAMAGE!!
You close the door.
An orc priest opens the door.
You closely miss the orc priest.
The orc priest is heavily wounded.
The orc priest hits you with a falchion!
You die...

█.....█ █.........█
████o.█ ████.██████
█.███.█.█████ █.█
█....[.....███∆██
██.███%███o██...██ ███
█.███)█ █.█.....██ █..
█.█.█.█ █........██ █..
█.....███.........████..
█.)....@o.........∆.....
█....████.........████..
█.█.█████........██ ██.
█.........█.....██ ██


█(██ ███████...███████ █ █(█ ██∆████...███ █.█ █.███...†.██ █.█ █.██.......█ █.█
██.██........ You could see an orc priest.

Vanquished Creatures
  Ijyb (D:2)
  2 adders
  An ooze (D:2)
  A worm (D:2)
  A dart slug (D:1)
  3 leopard geckos
  3 orcs (D:3)
  5 giant cockroaches
  9 goblins
  7 hobgoblins
  4 jackals (D:2)
  A quokka (D:3)
  A ball python (D:3)
  5 bats
  2 frilled lizards
  6 kobolds
  7 rats
59 creatures vanquished.

Notes
Turn   | Place    | Note
-------+----------+-------------------------------------------
     0 | D:1      | Goblin1989 the Felid Monk began the quest for the Orb.
     0 | D:1      | Reached XP level 1. HP: 10/10 MP: 2/2
   176 | D:1      | Reached XP level 2. HP: 10/14 MP: 3/3
   886 | D:2      | Noticed Ijyb
   904 | D:2      | Reached XP level 3. HP: 16/17 MP: 4/4
  1325 | D:2      | Killed Ijyb
  1325 | D:2      | Reached XP level 4. HP: 2/21 MP: 5/5
  2398 | D:3      | Found a glowing golden altar of the Shining One.
  2967 | D:3      | Killed from afar by an orc priest
  2968 | D:3      | Reached XP level 3. HP: -4/17 MP: 4/4
  3007 | D:3      | Slain by an orc priest

Vault maps used:
D:1:      minmay_arrival_solitary_statue, minmay_heptomino_h4
D:2:      kennysheep_the_goblin_king, minmay_misc_feat_nine_boxes,
          roderic_roman_lattice
D:3:      marbit_many_paths, first_ration, nicolae_tso_swordbearing_angel

Skill      XL: |  1  2  3  4 |
---------------+-------------+-----
Stealth        | 3 4 |  4.0
Unarmed Combat | 4 |  4.2
Fighting       | |  3.6
Dodging        | |  4.8

Action                   |  1- 3 |  4- 6 || total
-------------------------+-------+-------++-------
Melee: Unarmed           |   109 |    95 ||   204
       Bite              |     8 |     7 ||    15
       Punch             |       |     1 ||     1
  Use: Potion            |     2 |       ||     2
 Stab: Sleeping          |    11 |     2 ||    13
  Eat: Chunk             |     8 |     3 ||    11
Armor: Skin              |     7 |     6 ||    13
Dodge: Dodged            |    72 |    87 ||   159

Table legend:
 A = Spawn XP
 B = Non-spawn XP
 C = Spawn XP percentage of total XP
 D = Spawn monster count
 E = Non-spawn monster count
 F = Spawn count percentage of total count
 G = Total turns spent on level
                    A         B        C        D         E        F      G
               +---------+---------+-------+---------+---------+-------+---------
         Total |       0 |     172 |   0.0 |       0 |      59 |   0.0 |  3007
               +---------+---------+-------+---------+---------+-------+---------
           D:1 |       0 |      34 |   0.0 |       0 |      21 |   0.0 |  1049
           D:2 |       0 |     104 |   0.0 |       0 |      28 |   0.0 |  1131
           D:3 |       0 |      34 |   0.0 |       0 |      10 |   0.0 |   827
               +---------+---------+-------+---------+---------+-------+---------

Vault maps used:
D:1:      minmay_arrival_solitary_statue, minmay_heptomino_h4
D:2:      kennysheep_the_goblin_king, minmay_misc_feat_nine_boxes,
          roderic_roman_lattice
D:3:      marbit_many_paths, first_ration, nicolae_tso_swordbearing_angel
